 Dungeon Crawl Stone Soup version 0.28.0-49-g6dfe1f597d (webtiles) character file.

Game seed: 10173803537985187542

14606 Gabide the Impaler (level 12, -15/86 HPs)
             Began as a Human Monk on May 13, 2022.
             Was an Elder of Sif Muna.
             Demolished by a titanic slime creature (100 damage)
             ... on level 12 of the Dungeon.
             The game lasted 00:42:21 (18875 turns).

Gabide the Impaler (Human Monk)                    Turns: 18875, Time: 00:42:21

Health: -15/86     AC: 11    Str: 19    XL:     12   Next: 47%
Magic:  17/17      EV: 21    Int: 16    God:    Sif Muna [****..]
Gold:   388        SH:  5    Dex: 15    Spells: 11/11 levels left

rFire   + . .      SeeInvis .   e - +7 halberd (protect)
rCold   + . .      Faith    .   (shield currently unavailable)
rNeg    . . .      Spirit   .   F - +1 acid dragon scales
rPois   .          Reflect  +   D - +2 helmet
rElec   .          Harm     .   y - scarf {rC+ rF+}
rCorr   +          Rampage  .   (no gloves)
Will    .....                   (no boots)
Stlth   ++........              p - amulet of reflection
HPRegen 0.24/turn               w - +4 ring of evasion
MPRegen 0.15/turn               g - ring of Zin's Whim {EV+4 Str+3 Int+4}

@: no status effects
A: no striking features
a: Renounce Religion, Channel Magic, Forget Spell, Divine Exegesis


You were on level 12 of the Dungeon.
You worshipped Sif Muna.
Sif Muna was greatly pleased with you.
You visited 2 branches of the dungeon, and saw 13 of its levels.
You also visited: Bailey.

You collected 1732 gold pieces.
You spent 1344 gold pieces at shops.

Inventory:

Hand Weapons
 a - a +1 spear
 e - a +7 halberd of protection (weapon)
Missiles
 J - 26 poisoned darts (quivered)
Armour
 f - a +0 cloak
 h - a +0 troll leather armour
 k - a +2 ring mail
 s - a scarf of shadows
 y - a scarf of resistance (worn)
 D - a +2 helmet (worn)
 F - +1 acid dragon scales (worn)
Jewellery
 c - a ring of poison resistance
 g - the ring of Zin's Whim (right hand) {EV+4 Str+3 Int+4}
   (You bought it in a shop on level 3 of the Dungeon)

   [ring of evasion]

   EV:        It affects your evasion (+4).
   Str:       It affects your strength (+3).
   Int:       It affects your intelligence (+4).
 i - an amulet of the acrobat
 o - an amulet of regeneration
 p - an amulet of reflection (around neck)
 u - a ring of positive energy
 w - a +4 ring of evasion (left hand)
 E - a ring of protection from cold
 I - a ring of magical power
Wands
 t - a wand of digging (7)
 B - a wand of iceblast (10)
 C - a wand of flame (18)
Scrolls
 d - 4 scrolls of teleportation
 x - 2 scrolls of fog
 z - 2 scrolls of magic mapping
 G - a scroll of identify
Potions
 b - 5 potions of attraction
 j - 2 potions of magic
 m - a potion of flight {unknown}
 n - a potion of degeneration
 A - 2 potions of curing
Miscellaneous
 H - a piece from Xom's chessboard (12/15)


   Skills:
 + Level 5.2 Fighting
 + Level 16.4 Polearms
 + Level 5.2 Armour
 + Level 5.3 Dodging
 - Level 2.0 Stealth
 * Level 6.7 Invocations


You had 11 spell levels left.
You didn't know any spells.
Your spell library contained the following spells:

 Spells                   Type           Power      Damage    Failure   Level
 Animate Skeleton         Necr           0%         N/A       32%         1
 Apportation              Tloc           0%         N/A       32%         1
 Beastly Appendage        Tmut           0%         N/A       32%         1
 Sandblast                Erth           0%         2d4       32%         1
 Summon Small Mammal      Summ           0%         N/A       32%         1
 Passwall                 Tmut/Erth      0%         N/A       43%         2
 Static Discharge         Conj/Air       0%         N/A       43%         2
 Wereblood                Tmut           0%         N/A       43%         2
 Call Canine Familiar     Summ           0%         N/A       67%         3
 Gell's Gravitas          Tloc           0%         N/A       67%         3
 Lesser Beckoning         Tloc           0%         N/A       67%         3
 Portal Projectile        Hex/Tloc       0%         N/A       67%         3
 Spider Form              Tmut/Pois      0%         N/A       67%         3
 Stone Arrow              Conj/Erth      0%         3d7       67%         3
 Teleport Other           Tloc           0%         N/A       67%         3
 Cause Fear               Hex            0%         N/A       97%         4
 Fulminant Prism          Conj/Hex       0%         3d6       97%         4
 Leda's Liquefaction      Hex/Erth       0%         N/A       97%         4
 Sticky Flame             Conj/Fire      0%         2d3       97%         4
 Dragon Form              Tmut           0%         N/A       100%        7
 Dragon's Call            Summ           0%         N/A       100%        9


Dungeon Overview and Level Annotations

Branches:
Dungeon (12/15)            Temple (1/1) D:5            Lair (0/6) D:11
    Orc (0/2) D:10         Bailey (visited)

Altars:
Ashenzari
Cheibriados
Dithmenos
Elyvilon
Fedhas
Gozag
Hepliaklqana
Kikubaaqudgha
Makhleb
Nemelex Xobeh
Okawaru
Qazlal
Ru
Sif Muna
Trog
Uskayaw
Vehumet
Wu Jian
Xom
Yredelemnul
Zin
The Shining One

Shops:
D:2 ?   D:3 [?=?   D:5 (   D:9 (   D:10 [

Portals:
Trove: D:12 (give +6 ice dragon scales)


Message History

The titanic slime creature is severely wounded.
You reach to attack!
The helpless titanic slime creature fails to defend itself.
You hit the titanic slime creature.
The titanic slime creature is severely wounded.
You reach to attack!
The helpless titanic slime creature fails to defend itself.
You slice the titanic slime creature!!
The titanic slime creature is severely wounded.
You reach to attack!
The helpless titanic slime creature fails to defend itself.
You slice the titanic slime creature!!
The titanic slime creature is severely wounded.
You reach to attack!
The helpless titanic slime creature fails to defend itself.
You perforate the titanic slime creature like a sieve!!!
The titanic slime creature is severely wounded.
You reach to attack!
The helpless titanic slime creature fails to defend itself.
You slice the titanic slime creature!!
The titanic slime creature is severely wounded.
The titanic slime creature is no longer petrified.
You make a move on Xom's chessboard...
The titanic slime creature easily resists.
The acid dragon spits acid at you. The splash of acid hits you! You resist.
There is an open door here.
There is an open door here.
Okay, then.
Press: ? - help, v - describe, . - travel
Here: a titanic slime creature (severely wounded)
The floor.
Unknown command.
Unknown command.
There is an open door here.
Items here: )))).
There is an escape hatch in the ceiling here.
The titanic slime creature hits you!!!!
Ouch! That really hurt!
You die...

######.#### #...
#.........# #...
#.........### #...
#........D..# #...
#......J..#.## #...
#.........#..####...
#.........##..D.....
###J#############D..
#@# #... #.## ####.
#..# #.).. ##'######
###J### #.......#
#...... #.......#
#.J....
#.......####......
#.......#..D......
#.......'.##......


You could see a titanic slime creature.

Vanquished Creatures
  2 boulder beetles
  3 two-headed ogres
  4 skeletal warriors (D:12)
  A deep elf pyromancer (Bailey)
  An orc knight (Bailey)
  A komodo dragon (shapeshifter) (D:12)
  2 komodo dragons
  3 trolls
  2 slime creatures (D:12)
  2 wraiths
  A human (D:10)
  A basilisk (D:11)
  A yak (D:9)
  A wyvern (D:5)
  3 steam dragons
  2 wargs (D:10)
  An acid dragon (D:11)
  A hornet zombie (D:5)
  5 black bears
  3 sky beasts
  6 orc warriors
  3 necrophages (D:7)
  An ogre (D:3)
  5 centaurs
  A phantom (D:4)
  3 kobold brigands
  A scorpion (D:6)
  2 gnoll sergeants
  A water moccasin skeleton (D:7)
  4 killer bees (D:9)
  A howler monkey (D:8)
  7 centaur zombies
  A bullfrog zombie (D:3)
  7 orc priests
  A hound (D:5)
  2 centaur skeletons (D:7)
  A gnoll shaman (D:6)
  6 iguanas
  7 orc wizards
  3 killer bee zombies
  A mummy (D:7)
  A howler monkey zombie (D:7)
  3 adders
  17 gnolls
  A shadow imp (D:6)
  3 white imps
  An ufetubus (D:6)
  An adder zombie (D:5)
  2 worms (D:2)
  5 dart slugs
  41 orcs
  7 bats
  8 endoplasms
  A giant cockroach (D:4)
  3 hobgoblins
  10 jackals
  16 kobolds
  3 quokkas
  3 ball pythons
  3 frilled lizards
  10 goblins
  A quokka skeleton (D:4)
  4 rats
248 creatures vanquished.

Vanquished Creatures (others)
  An orc wizard (D:11)
  A goblin (D:10)
  44 plants
  A withered plant (D:7)
47 creatures vanquished.

Grand Total: 295 creatures vanquished

Notes
Turn   | Place    | Note
-------+----------+-------------------------------------------
     0 | D:1      | Gabide the Human Monk began the quest for the Orb.
     0 | D:1      | Reached XP level 1. HP: 18/18 MP: 1/1
   390 | D:1      | Reached XP level 2. HP: 24/24 MP: 2/2
   783 | D:1      | Reached skill level 4 in Polearms
   783 | D:1      | Reached XP level 3. HP: 29/29 MP: 3/3
  1457 | D:1      | You fall into a shaft and drop 1 floor!
  1923 | D:2      | Found a burning altar of Makhleb.
  1962 | D:1      | Reached XP level 4. HP: 6/35 MP: 4/4
  2426 | D:2      | Reached skill level 1 in Armour
  2921 | D:2      | Found Fubiriym's Magic Scroll Shoppe.
  2924 | D:2      | Found a faded altar of an unknown god.
  2931 | D:2      | Bought a scroll of identify for 28 gold pieces
  2931 | D:2      | Bought a scroll of identify for 28 gold pieces
  3352 | D:1      | Reached XP level 5. HP: 20/41 MP: 5/5
  3634 | D:3      | Found Cujor's Magic Scroll Emporium.
  3658 | D:3      | Bought a scroll of identify for 22 gold pieces
  3747 | D:3      | Found a basalt altar of Yredelemnul.
  3749 | D:3      | Found a radiant altar of Vehumet.
  3749 | D:3      | Found a broken altar of Ashenzari.
  3749 | D:3      | Found a hide-covered altar of Uskayaw.
  3750 | D:3      | Found a sacrificial altar of Ru.
  3915 | D:3      | Found Qujin's Jewellery Shop.
  3937 | D:3      | Identified a scroll of acquirement
  3938 | D:3      | Acquired 710 gold pieces
  3960 | D:3      | Reached skill level 5 in Polearms
  4238 | D:3      | Bought the ring of Zin's Whim {EV+4 Str+3 Int+4} for 692
                  | gold pieces
  4245 | D:3      | Found Uniseos's Magic Scroll Shoppe.
  4261 | D:3      | Reached XP level 6. HP: 46/47 MP: 6/6
  4679 | D:3      | Found Ezoceter's Armour Boutique.
  4982 | D:4      | Noticed an ogre
  5389 | D:4      | Reached skill level 6 in Polearms
  6115 | D:5      | Entered Level 5 of the Dungeon
  6866 | D:5      | Reached XP level 7. HP: 34/52 MP: 7/7
  7002 | D:5      | Reached skill level 7 in Polearms
  7250 | D:5      | Found Bahoudie's Antique Weapon Emporium.
  7570 | D:5      | Found a staircase to the Ecumenical Temple.
  7589 | Temple   | Entered the Ecumenical Temple
  7819 | Temple   | Became a worshipper of Sif Muna the Loreminder
  7819 | Temple   | Reached * piety under Sif Muna
  7819 | Temple   | Reached ** piety under Sif Muna
  7926 | D:5      | Noticed a wyvern
  8297 | D:4      | Reached skill level 8 in Polearms
  8297 | D:4      | Reached XP level 8. HP: 14/58 MP: 8/8
  9057 | D:5      | Killed a wyvern
  9058 | D:5      | Reached skill level 9 in Polearms
  9341 | D:5      | Found a bloodstained altar of Trog.
  9455 | D:5      | Reached skill level 10 in Polearms
  9791 | D:5      | Reached XP level 9. HP: 50/63 MP: 9/9
 10497 | D:5      | Reached skill level 11 in Polearms
 10862 | D:5      | Bought a runed halberd for 217 gold pieces
 10926 | D:6      | Found a burning altar of Makhleb.
 11508 | D:7      | Reached skill level 12 in Polearms
 11691 | D:7      | Found a blossoming altar of Fedhas.
 11692 | D:7      | Found an ancient bone altar of Kikubaaqudgha.
 11799 | D:7      | Reached *** piety under Sif Muna
 11807 | D:7      | Reached XP level 10. HP: 70/70 MP: 10/10
 12375 | D:8      | Found a shadowy altar of Dithmenos.
 12379 | D:8      | Reached skill level 13 in Polearms
 13064 | D:9      | Found an ancient bone altar of Kikubaaqudgha.
 13112 | D:9      | Noticed a two-headed ogre
 13337 | D:9      | Reached skill level 14 in Polearms
 13402 | D:9      | Found a bloodstained altar of Trog.
 13402 | D:9      | Noticed a two-headed ogre
 13646 | D:8      | Killed a two-headed ogre
 13662 | D:9      | Killed a two-headed ogre
 13904 | D:9      | Found Rikoikh's Hydra Hut.
 14034 | D:9      | Noticed a six-headed hydra
 14179 | D:10     | Entered Level 10 of the Dungeon
 14277 | D:10     | Reached skill level 15 in Polearms
 14378 | D:10     | Found a white marble altar of Elyvilon.
 14395 | D:10     | Found Riddes's Antique Armour Shop.
 14433 | D:10     | Found a flagged portal.
 14462 | Bailey   | Entered a bailey
 14524 | Bailey   | Reached **** piety under Sif Muna
 14541 | Bailey   | Noticed an orc knight
 14552 | Bailey   | Killed an orc knight
 14553 | Bailey   | Reached XP level 11. HP: 65/75 MP: 11/11
 14666 | Bailey   | Found a large runed translucent door.
 14666 | Bailey   | Found a large runed translucent door.
 14667 | Bailey   | Noticed a deep elf pyromancer
 14696 | Bailey   | Killed a deep elf pyromancer
 14858 | D:10     | Found a glowing silver altar of Zin.
 14877 | D:10     | Reached skill level 16 in Polearms
 14877 | D:10     | Reached skill level 1 in Invocations
 15166 | D:10     | Found a staircase to the Orcish Mines.
 15985 | D:3      | Bought 3 scrolls of enchant weapon for 315 gold pieces
 15985 | D:3      | Bought a scroll of teleportation for 42 gold pieces
 16274 | D:11     | Noticed a boulder beetle
 16291 | D:11     | Killed a boulder beetle
 16517 | D:11     | Noticed a two-headed ogre
 16905 | D:11     | Found a staircase to the Lair.
 17080 | D:11     | Found a hide-covered altar of Uskayaw.
 17143 | D:11     | Killed a two-headed ogre
 17144 | D:11     | Reached skill level 5 in Invocations
 17144 | D:11     | Reached XP level 12. HP: 84/84 MP: 15/15
 17291 | D:12     | Found a portal to a secret trove of treasure.
 17389 | D:12     | Noticed a boulder beetle
 17419 | D:12     | Killed a boulder beetle
 17454 | D:12     | Noticed an eight-headed hydra
 18182 | D:12     | Got the Compendium of Attacks
 18361 | D:12     | Noticed a skeletal warrior
 18361 | D:12     | Noticed a skeletal warrior
 18361 | D:12     | Noticed a skeletal warrior
 18362 | D:12     | Noticed a skeletal warrior
 18362 | D:12     | Noticed a skeletal warrior
 18385 | D:12     | Killed a skeletal warrior
 18386 | D:12     | Reached skill level 5 in Dodging
 18399 | D:12     | Killed a skeletal warrior
 18425 | D:12     | Killed a skeletal warrior
 18426 | D:12     | Reached skill level 5 in Fighting
 18426 | D:12     | Reached skill level 5 in Armour
 18437 | D:12     | Killed a skeletal warrior
 18875 | D:12     | Demolished by a titanic slime creature

Illustrated notes

Levels and vault maps discovered:
D:1:      dpeg_arrival_rooms_a, layout_loops_corners, nrook_campfire
D:2:      layout_rooms, basic_ecumenical_altar, serial_shops, shop, basic_altar
D:3:      layout_basic, grunt_temple_overflow_open, serial_shops,
          nicolae_diamond_shop, nicolae_shop_crystal, nicolae_shop_statue_plus,
          nicolae_shop_hallway_stairs, lemuel_another_geyser
D:4:      layout_gridville
D:5:      layout_basic, trog_ov_bears_minmay, minmay_temple_entry_proselytizer,
          serial_shops, nicolae_shop_overgrown_old_shop
D:6:      layout_rooms, kennysheep_mini_moat, nicolae_sextant
D:7:      layout_loops_ring, grunt_temple_overflow_growth_and_decay,
          serial_undead, serial_undead_c, serial_undead_d, serial_undead_c,
          serial_undead_b, serial_undead_a, serial_undead_f, serial_undead_b,
          serial_undead_b, minmay_liquid_box
D:8:      layout_gridville, amcnicky_altar_gilded
D:9:      layout_roguey, hangedman_feature_mirror, doesnt_shop_hydraphobe
D:10:     layout_loops_ring, mainiacjoe_overflow_tiny_flanked, elyvilon_altar_4,
          erik_orc_4, serial_shops, shop, enter_bailey_5
D:11:     layout_long_grid, david_lair_shrubbed, nicolae_uskayaw_dance_studio
D:12:     layout_roguey, enter_trove_6
Temple:   eino_temple_lava

Skill      XL: |  1  2  3  4  5  6  7  8  9 10 11 12 |
---------------+-------------------------------------+-----
Polearms       | 4 5 6 8 10 12 15 16 | 16.4
Armour         | 2 3 4 5 |  5.2
Invocations    | 5 6 |  6.7
Dodging        | 4 5 |  5.3
Fighting       | 4 5 |  5.2
Stealth        | |  2.0

Action                   |  1- 3 |  4- 6 |  7- 9 | 10-12 || total
-------------------------+-------+-------+-------+-------++-------
Melee: Spear             |   129 |   317 |   344 |    22 ||   812
       Punch             |       |     8 |     7 |       ||    15
       Halberd           |       |       |   128 |   530 ||   658
Throw: Dart              |       |       |       |     6 ||     6
Evoke: Wand              |       |       |     2 |     5 ||     7
       Piece from Xom's  |       |       |       |     3 ||     3
  Use: Scroll            |     4 |     8 |     6 |    13 ||    31
       Potion            |     1 |     2 |       |     7 ||    10
 Stab: Sleeping          |     7 |     1 |     2 |     2 ||    12
       Petrified         |       |       |       |    14 ||    14
       Invisible         |       |       |       |     2 ||     2
Armor: Robe              |    19 |       |       |       ||    19
       Skin              |     5 |       |       |       ||     5
       Ring mail         |       |    54 |    92 |    58 ||   204
       Acid dragon scale |       |       |       |    17 ||    17
Dodge: Dodged            |    61 |   140 |   261 |   298 ||   760
Block: Other             |       |       |    45 |    85 ||   130
       Reflection        |       |       |     2 |     3 ||     5
